 Dungeon Crawl Stone Soup version 0.19.5 (webtiles) character file.

60 Gargoyl the Skirmisher (level 4, -2/40 HPs)
             Began as a Ghoul Abyssal Knight on Apr 2, 2017.
             Was a Follower of Lugonu.
             Slain by a river rat (5 damage)
             ... summoned by Eustachio
             ... on level 4 of the Dungeon.
             The game lasted 00:03:23 (1654 turns).

Gargoyl the Skirmisher (Ghoul Abyssal Knight)       Turns: 1654, Time: 00:03:24

Health: -2/40      AC:  8    Str: 15    XL:     4   Next: 4%
Magic:  4/4        EV: 11    Int:  7    God:    Lugonu [*.....]
Gold:   56         SH:  0    Dex: 14    Spells: 0 memorised, 3 levels left

rFire  + . .     SeeInvis .     a - +1 hand axe
rCold  . . .     Gourm    .     k - +0 chain mail
rNeg   + + +     Faith    .     (no shield)
rPois  ∞         Spirit   .     (no helmet)
rElec  .         Reflect  .     (no cloak)
rCorr  .         Harm     .     (no gloves)
MR     .....                    (no boots)
Stlth  ..........               (no amulet)
                                (no ring)
                                d - ring of fire

@: agile, very slightly contaminated, rotting
A: rotting body, claws 1, carnivore 3, cold resistance 1, negative energy
resistance 3, slow regeneration 1, torment resistance, unbreathing
a: Depart the Abyss, Renounce Religion


You were on level 4 of the Dungeon.
You worshipped Lugonu.
Lugonu was aware of your devotion.
You were not hungry.

You visited 1 branch of the dungeon, and saw 4 of its levels.
You visited the Abyss 1 time.

You collected 56 gold pieces.

Inventory:

Hand Weapons
 a - a +1 hand axe (weapon)
Armour
 k - a +0 chain mail (worn)
Jewellery
 d - a ring of fire (left claw)
 h - a +3 ring of dexterity {unknown}
 l - a cursed amulet of inaccuracy {unknown}
Scrolls
 j - a scroll of fear
 m - a scroll of recharging {unknown}
Potions
 b - 2 potions of ambrosia {unknown}
 e - a potion of haste
 i - 3 potions of might {unknown}
 n - a potion of lignification {unknown}
Comestibles
 c - 2 meat rations
 g - a beef jerky


   Skills:
 + Level 4.0 Fighting
 + Level 2.4 Axes
 * Level 2.5 Armour
 + Level 1.1 Dodging
 * Level 2.3 Invocations


You had 3 spell levels left.
You didn't know any spells.

Dungeon Overview and Level Annotations

Branches:
Dungeon (4/15)
 Temple: D:4-7

Altars:
Qazlal

Annotations:
D:3 happy2pester's ghost, amateur HOFi
D:4 Eustachio


Innate Abilities, Weirdness & Mutations

Your body is rotting away.
You thrive on raw meat.
You are immune to poison.
You have sharp fingernails.
You are carnivorous and can eat meat at any time.
Your flesh is cold resistant. (rC+)
You are immune to negative energy. (rN+++)
You regenerate slowly when monsters are visible.
You are immune to unholy pain and torment.
You can survive without breathing.


Message History

The white imp is severely wounded.
You hit the quokka but do no damage. You hit the river rat.
You miss the crimson imp.
The quokka bites you but does no damage.
The white imp gestures at you. The puff of frost hits you!
* * * LOW HITPOINT WARNING * * *
The river rat bites you but does no damage.
The crimson imp closely misses you.
Eustachio mumbles some strange words.
Eustachio blinks!
The quokka bites you but does no damage.
The white imp shouts, "Slither home, thou jarring common-kissing dust catcher!"
The white imp gestures at you. The puff of frost hits you!
* * * LOW HITPOINT WARNING * * *
It was a potion of agility.
You feel agile all of a sudden. The river rat bites you.
You die...

#......#.##[##.##.####
#..# #.......#.#.## #
##..# #.....#...##
#..###...###.#...@.###
(.......)....#..#.##
#####...###.#....#
##.####§..##.## ###
####...r.5......###>....
#......r@5r<..##...#
#.########....##.### #
........##.#
.###..#.##.# #..#.##.#
#..#.##.# .....##.# ##.
..##.#


You could see Eustachio, a crimson imp, a river rat, a white imp and 2 quokkas.

Vanquished Creatures
  2 adders (D:2)
  A worm (D:2)
  2 leopard geckos
  3 bats
  2 giant cockroaches (D:1)
  5 goblins
  6 hobgoblins
  3 jackals (D:1)
  4 kobolds
  A quokka (D:2)
  A frilled lizard (D:2)
  2 rats
32 creatures vanquished.

Notes
Turn   | Place    | Note
-------+----------+-------------------------------------------
     0 | Abyss:1  | Gargoyl the Ghoul Abyssal Knight began the quest for the Orb.
     0 | Abyss:1  | Reached XP level 1. HP: 19/19 MP: 1/1
    31 | Abyss:2  | Noticed a thrashing horror
    31 | Abyss:2  | Noticed a thrashing horror
    31 | D:1      | Escaped the Abyss
   232 | D:1      | Reached XP level 2. HP: 23/26 MP: 2/2
   235 | D:1      | Reached * piety under Lugonu
   965 | D:2      | Reached XP level 3. HP: 33/33 MP: 3/3
   967 | D:2      | Found a stormy altar of Qazlal.
  1272 | D:2      | Reached skill level 1 in Dodging
  1284 | D:2      | Reached skill level 4 in Fighting
  1315 | D:2      | Reached XP level 4. HP: 40/40 MP: 4/4
  1563 | D:3      | Noticed Ijyb
  1569 | D:3      | Noticed happy2pester's ghost (amateur HOFi)
  1600 | D:4      | Got a pitted helmet
  1606 | D:4      | Identified the -1 helmet of Valiance {rC+ Int+4} (You found it on level 4 of the Dungeon)
  1629 | D:4      | Noticed Eustachio
  1654 | D:4      | Slain by a river rat

Skill      XL: |  1  2  3 |
---------------+----------+-----
Armour         | 2 |  2.5
Axes           | 2 |  2.4
Dodging        | 1 |  1.1
Fighting       | 4 |  4.0
Invocations    | |  2.3

Action                   |  1- 3 |  4- 6 || total
-------------------------+-------+-------++-------
Melee: Hand axe          |   102 |    22 ||   124
Invok: Depart the Abyss  |     1 |       ||     1
  Use: Scroll            |     5 |       ||     5
       Potion            |       |     2 ||     2
  Eat: Chunk             |    12 |       ||    12
Armor: Leather armour    |    30 |       ||    30
       Chain mail        |    33 |    33 ||    66
Dodge: Dodged            |    60 |    16 ||    76
